 Dungeon Crawl Stone Soup version 0.26-a0-1038-gfb849e850a (webtiles) character file.

Game seed: 11710041219440667675

74 Baldric the Slasher (level 4, -14/35 HPs)
             Began as a Human Berserker on Dec 11, 2020.
             Was a Believer of Trog.
             Killed by divine providence
             ... invoked by an orc priest
              (15 damage)
             ... on level 4 of the Dungeon.
             The game lasted 00:13:30 (2161 turns).

Baldric the Slasher (Human Berserker)               Turns: 2161, Time: 00:13:31

Health: -14/35     AC:  6    Str: 17    XL:     4   Next: 52%
Magic:  4/4        EV:  5    Int:  9    God:    Trog [**....]
Gold:   84         SH: 18    Dex: 12    Spells: 3/3 levels left

rFire    x . .     SeeInvis .   a - +0 falchion
rCold    + . .     Faith    .   r - +2 tower shield
rNeg     . . .     Spirit   .   f - +0 scale mail
rPois    .         Reflect  +   (no helmet)
rElec    .         Harm     .   (no cloak)
rCorr    .         Rampage  .   (no gloves)
Will     .....                  (no boots)
Stlth    ..........             h - amulet of reflection
HPRegen  0.11/turn              m - ring of ice
MPRegen  0.09/turn              (no ring)

@: no status effects
A: no striking features
a: Berserk, Trog's Hand, Renounce Religion


You were on level 4 of the Dungeon.
You worshipped Trog.
Trog was pleased with you.
You visited 1 branch of the dungeon, and saw 4 of its levels.

You collected 84 gold pieces.

Inventory:

Hand Weapons
 a - a +0 falchion (weapon)
 u - a +0 rapier
Armour
 b - a +0 animal skin
 f - a +0 scale mail (worn)
 r - a +2 tower shield (worn)
Jewellery
 h - an amulet of reflection (around neck)
 m - a ring of ice (left hand)
Scrolls
 d - a scroll of teleportation {unknown}
 g - 2 scrolls of enchant armour {unknown}
 i - 2 scrolls of enchant weapon {unknown}
 l - 3 scrolls of remove curse {unknown}
 n - a scroll of fear {unknown}
 p - 2 scrolls of immolation {unknown}
 t - a scroll of identify {unknown}
Potions
 e - a potion of haste {unknown}
 j - a potion of attraction {unknown}
 k - a potion of mutation {unknown}
 o - 2 potions of degeneration {unknown}
 q - 4 potions of might {unknown}
 s - a potion of curing {unknown}
 v - a potion of flight {unknown}
 w - a potion of brilliance {unknown}


   Skills:
 * Level 3.4 Fighting
 + Level 3.9 Long Blades
 * Level 2.5 Armour
 * Level 2.5 Dodging
 * Level 0.5 Stealth
 - Level 0.1 Spellcasting


You had 3 spell levels left.
You didn't know any spells.
Your spell library contained the following spells:

 Spells                   Type           Power        Failure   Level
 Summon Small Mammal      Summ           #...         100%        1
 Call Imp                 Summ           #.......     100%        2
 Call Canine Familiar     Summ           #.......     100%        3
 Confusing Touch          Hex            #.......     100%        3
 Gell's Gravitas          Tloc           #.........   100%        3
 Summon Guardian Golem    Hex/Summ       #.......     100%        3
 Petrify                  Tmut/Erth      #.......     100%        4
 Summon Ice Beast         Ice/Summ       #.......     100%        4
 Summon Lightning Spire   Summ/Air       #.......     100%        4
 Metabolic Englaciation   Hex/Ice        #.........   100%        5
 Yara's Violent Unravell  Hex/Tmut       #.........   100%        5


Dungeon Overview and Level Annotations

Branches:
Dungeon (4/15)
 Temple: D:4-7

Altars:
Cheibriados
Elyvilon
Kikubaaqudgha


Message History

The orc is almost dead.
The orc priest calls down the wrath of Beogh upon you.
Beogh smites you!
* * * LOW HITPOINT WARNING * * *
You block the orc's attack.
You barely miss the orc.
The orc is almost dead.
The orc priest hits you with a +0 club.
* * * LOW HITPOINT WARNING * * *
You block the orc's attack.
The orc priest hits you but does no damage.
It was a potion of magic.
Magic courses through your body. You block the orc's attack.
The orc priest hits you but does no damage.
You slash the orc!
You kill the orc!
Trog accepts your kill.
The orc priest calls down the wrath of Beogh upon you.
Beogh smites you!
You die...

# .#............## ..
#................#
#..............#.##
.....#..............
....#.................
...#..#..........##....
.#>..##..........# .#.#
#..........#
....####@#### ....
#oo...... .. #oB......
......... #........
#........ #........
#........


You could see a worker ant, an orc priest and 2 orcs.

Vanquished Creatures
  An adder (D:2)
  4 dart slugs
  A leopard gecko (D:3)
  3 orcs
  A ball python (D:1)
  4 giant cockroaches
  5 goblins
  8 hobgoblins
  3 jackals (D:3)
  7 kobolds
  A quokka (D:2)
  4 bats
  7 frilled lizards
  3 rats
52 creatures vanquished.

Notes
Turn   | Place    | Note
-------+----------+-------------------------------------------
     0 | D:1      | Baldric the Human Berserker began the quest for the Orb.
     0 | D:1      | Reached XP level 1. HP: 18/18 MP: 1/1
   134 | D:1      | Reached XP level 2. HP: 18/24 MP: 2/2
   352 | D:1      | Reached XP level 3. HP: 8/29 MP: 3/3
   586 | D:1      | You fall into a shaft and drop 1 floor!
   606 | D:2      | Found a white marble altar of Elyvilon.
   709 | D:2      | Reached ** piety under Trog
   887 | D:2      | Reached XP level 4. HP: 19/35 MP: 4/4
  1319 | D:2      | You fall into a shaft and drop 1 floor!
  1464 | D:3      | Found a snail-covered altar of Cheibriados.
  1468 | D:3      | Found an ancient bone altar of Kikubaaqudgha.
  2159 | D:4      | HP: 1/35 [orc priest/+0 club (3)]
  2161 | D:4      | Killed from afar by an orc priest

Illustrated notes

Levels and vault maps discovered:
D:1:      dpeg_arrival_tiny_h, layout_basic
D:2:      layout_basic, elyvilon_altar_4
D:3:      layout_rooms, nicolae_overflow_hidden_temple
D:4:      layout_rooms, minmay_temple_entry_enclosed_plants, serial_shops,
          kennysheep_little_box, nicolae_ossuary_entry_plus

Action                   |  1- 3 |  4- 6 || total
-------------------------+-------+-------++-------
Melee: Falchion          |    86 |    80 ||   166
Invok: Berserk           |     1 |     1 ||     2
  Use: Potion            |       |     1 ||     1
Armor: Animal skin       |    16 |       ||    16
       Scale mail        |    12 |    28 ||    40
Dodge: Dodged            |    70 |    24 ||    94
Block: Other             |    10 |     9 ||    19
       Tower shield      |       |    61 ||    61
       Rpst.: Falchion   |    22 |    12 ||    34

Table legend: (Time is in decaauts)
 A = Elapsed time spent in this place.
 B = Non-inter-level travel time spent in this place.
 C = Inter-level travel time spent in this place.
 D = Time resting spent in this place.
 E = Time spent auto-exploring this place.
 F = Levels seen in this place.
 G = Mean time per level.
                   A        B        C        D        E       F      G
               +--------+--------+--------+--------+--------+-----+--------+
         Total |   2214 |   2212 |      2 |      0 |      1 |   4 |  553.5 |
       Dungeon |   2214 |   2212 |      2 |      0 |      1 |   4 |  553.5 |
               +--------+--------+--------+--------+--------+-----+--------+

Top non-repeatable levels by time:
     D:3: 792 daAuts
     D:2: 750 daAuts
     D:1: 593 daAuts
     D:4: 78 daAuts
